 Dungeon Crawl Stone Soup version 0.30-a0-347-gf58ed5266c (webtiles) character file.

Game seed: 16402031109159997212

97082 HoaS the Crack Shot (level 16, -4/112 HPs)
             Began as a Kobold Hunter on Nov 5, 2022.
             Was the Champion of Okawaru.
             Slain by a ghost moth (10 damage)
             ... on level 2 of the Spider Nest.
             The game lasted 00:43:48 (21605 turns).

HoaS the Crack Shot (Kobold Hunter)                Turns: 21605, Time: 00:43:49

Health: -4/112     AC:  3    Str:  9    XL:     16   Next: 68%
Magic:  0/23       EV: 47    Int: 12    God:    Okawaru [******]
Gold:   2502       SH:  0    Dex: 36    Spells: 15/15 levels left

rFire   . . .      SeeInvis .    c - +7 arbalest (freeze)
rCold   . . .      Faith    .    (shield currently unavailable)
rNeg    . . .      Spirit   +    y - +0 troll leather armour
rPois   .          Reflect  .    r - +2 helmet
rElec   .          Harm     .    f - +2 cloak
rCorr   .          Rampage  .    l - +0 pair of gloves {infuse}
Will    +....                    p - +2 pair of boots
Stlth   +++++.....               j - amulet of guardian spirit
HPRegen 1.18/turn                g - +6 ring of dexterity
MPRegen 0.18/turn                d - +6 ring of dexterity

@: about to teleport, heroic, finesse-ful, corroded
A: small, no large weapons, nightstalker 3
a: Renounce Religion, Heroism, Finesse, Duel


You were on level 2 of the Spider Nest.
You worshipped Okawaru.
Okawaru was exalted by your worship.
You visited 5 branches of the dungeon, and saw 22 of its levels.
You also visited: Volcano.

You collected 2612 gold pieces.
You spent 110 gold pieces at shops.

Inventory:

Hand Weapons
 c - a +7 arbalest of freezing (weapon)
Missiles
 x - 5 throwing nets
Armour
 f - a +2 cloak (worn)
 l - a +0 pair of gloves of infusion (worn)
 p - a +2 pair of boots (worn)
 r - a +2 helmet (worn)
 y - a +0 troll leather armour (worn)
Jewellery
 d - a +6 ring of dexterity (right hand)
 g - a +6 ring of dexterity (left hand)
 j - an amulet of guardian spirit (around neck)
 t - a ring of protection from cold
 v - a ring of fire
 C - a ring of willpower
 J - a ring of ice
Wands
 o - a wand of paralysis (24)
 u - a wand of iceblast (18)
 E - a wand of light (2)
 G - a wand of flame (11)
Scrolls
 b - 4 scrolls of immolation
 h - 4 scrolls of poison
 k - 4 scrolls of teleportation
 w - 2 scrolls of brand weapon
 A - 2 scrolls of fear
 D - a scroll of blinking
 F - 6 scrolls of identify
 I - a scroll of magic mapping
Potions
 a - 5 potions of haste
 e - 12 potions of curing
 i - 3 potions of ambrosia
 m - a potion of lignification
 n - 4 potions of berserk rage
 q - 3 potions of cancellation
 s - 2 potions of attraction
 z - a potion of mutation
 B - a potion of resistance
 H - a potion of flight


   Skills:
 + Level 17.4(22.4) Fighting
 * Level 21.4(26.4) Ranged Weapons
 + Level 17.7(22.7) Dodging
 - Level 1.3(6.3) Stealth
 - Level 9.5 Invocations


You had 15 spell levels left.
You didn't know any spells.
Your spell library contained the following spells:

 Spells                   Type           Power      Damage    Failure   Level
 Magic Dart               Conj           0%         1d3       41%         1
 Hailstorm                Conj/Ice       0%         3d3       78%         3
 Mephitic Cloud           Conj/Pois/Air  0%         N/A       78%         3
 Ozocubu's Armour         Ice            0%         N/A       78%         3
 Portal Projectile        Hex/Tloc       0%         N/A       78%         3
 Airstrike                Air            0%         2d(0-16)  99%         4
 Ice Form                 Ice/Tmut       0%         N/A       99%         4
 Passage of Golubria      Tloc           0%         N/A       99%         4
 Blade Hands              Tmut           0%         N/A       100%        5
 Borgnjor's Vile Clutch   Necr/Erth      0%         N/A       100%        5
 Irradiate                Conj/Tmut      0%         3d11      100%        5
 Lightning Bolt           Conj/Air       0%         1d11      100%        5
 Yara's Violent Unravell  Hex/Tmut       0%         3d3       100%        5
 Dragon Form              Tmut           0%         N/A       100%        7
 Ozocubu's Refrigeration  Ice            0%         4d7       100%        7
 Call Imp                 Summ           Unusable   N/A       N/A         2
 Tukima's Dance           Hex            Unusable   N/A       N/A         3
 Animate Dead             Necr           Unusable   N/A       N/A         4
 Summon Lightning Spire   Summ/Air       Unusable   N/A       N/A         4
 Death Channel            Necr           Unusable   N/A       N/A         6
 Simulacrum               Ice/Necr       Unusable   N/A       N/A         6

Dungeon Overview and Level Annotations

Branches:
Dungeon (12/15)            Temple (1/1) D:6            Lair (5/5) D:9
  Swamp (0/4) Lair:3       Spider (2/4) Lair:2        Slime (0/5) Lair:5
    Orc (2/2) D:9             Elf (0/3) Orc:2       Volcano (visited)

Altars:
Ashenzari
Cheibriados
Dithmenos
Elyvilon
Fedhas
Gozag
Hepliaklqana
Kikubaaqudgha
Makhleb
Nemelex Xobeh
Okawaru
Qazlal
Ru
Sif Muna
Trog
Uskayaw
Vehumet
Wu Jian
Xom
Yredelemnul
Zin
The Shining One

Shops:
D:1 *   D:5 *   D:10 **   D:11 (   Orc:1 *   Orc:2 =([:

Annotations:
Spider:2 Arachne


Innate Abilities, Weirdness & Mutations

You are small and have problems with some larger weapons.
You are completely attuned to the shadows.


Message History

You are no longer poisoned.
You start resting.
A wolf spider is nearby!
A wolf spider is nearby!
Arachne the Weaver comes into view.
She is wielding a staff of poison.
The sentinel's mark upon you fades away.
Arachne mumbles some strange words.
Arachne blinks!
You feel you are being watched by something.
You feel your power leaking away.
Arachne points her staff at you, shooting a stream of webbing.
The stream of webbing misses you.
Fire: c) +7 arbalest (freeze)
Press: ? - help, Q - select action, (/) - cycle Shift-Dir - straight line, f - Arachne
Aim: Arachne, wielding a staff of poison (82% to hit)
Okay, then.
As you read the scroll of teleportation, it crumbles to dust.
You feel strangely unstable.
Arachne casts a spell.
Arachne blinks!
Something completely misses you. x2; Something stings you!
* * * LOW HITPOINT WARNING * * *
Deactivating autopickup; reactivate with Ctrl-A.
You feel better.
Arachne drinks a potion.
Arachne seems to grow stronger.
The wolf spider completely misses you. The wolf spider misses you.
The orb spider spins a strand of pure energy.
Something barely misses you. Something completely misses you. x2
Arachne points her staff at you, shooting a stream of webbing.
The stream of webbing hits you but does no damage.
You are caught in a web!
The web tears apart.
The wolf spider misses you. The wolf spider completely misses you.
Arachne completely misses you.
You feel you are being watched by something.
Something completely misses you. x3; The wolf spider completely misses you.
The wolf spider bites you but does no damage.
An entropy weaver comes into view.
You feel you are being watched by something.
Something hits you!!
* * * LOW HITPOINT WARNING * * *
Something completely misses you. Something stings you!
You die...

..^......#...
...#...†#†.#.
.............
.##..#....#..
..#.....
...#....#..
.......
#....^ .
......### #.
#.....sB. ...
##@.####
##.###
##H.s#...
#.....
#s.ss....
#..#ss
##...#..
...#s†
#.^.....
#^.ss
..#^###^#
##..s ...#. .
#ss## .#
.....#
#.>....


You could see Arachne (strong), an entropy weaver, 4 wolf spiders and an orb
spider (charged).

Vanquished Creatures
  Nikola (Spider:2)
  An emperor scorpion (Spider:1)
  A ghost moth (Spider:1)
  A dire elephant (Lair:5)
  A spark wasp (Spider:1)
  Snorg (D:11)
  An entropy weaver (Spider:2)
  A fire dragon (Lair:5)
  Harold (D:10)
  Fannar (D:11)
  3 hydras
  A catoblepas (Lair:1)
  2 radroaches
  A boulder beetle (Spider:1)
  11 two-headed ogres
  Erica (D:10)
  6 death yaks
  5 orc high priests (Orc:2)
  Nergalle (D:11)
  3 pharaoh ants
  A fire crab (Lair:5)
  2 orb spiders
  3 steelbarb worms
  An obsidian statue (D:10)
  2 lindwurms (Lair:5)
  An oklob plant (Orc:2)
  7 orc knights
  7 wolf spiders
  2 cyclopes
  2 salamanders (Volcano)
  A manticore (D:12)
  8 elephants
  7 black mambas
  The ghost of gruber the Destroyer, a novice DECj (D:6)
  A gargoyle (D:12)
  6 torpor snails (Lair:5)
  18 cane toads
  4 demonic crawlers (Spider:1)
  8 komodo dragons
  A kobold demonologist (D:12)
  3 rime drakes
  5 trolls
  A polar bear (Lair:5)
  6 hornets (Lair:5)
  3 meliai (Spider:2)
  9 tarantellas
  6 tyrant leeches
  8 blink frogs
  A slime creature (Lair:3)
  8 dream sheep (Lair:5)
  13 culicivoras
  18 jumping spiders
  2 shadows
  4 wyverns
  3 wraiths
  A vampire (D:11)
  45 yaks
  2 fire bats (Volcano)
  5 basilisks
  4 vampire mosquitoes
  3 wargs
  2 steam dragons
  21 redbacks
  A swamp worm (Lair:3)
  2 acid dragons
  34 water moccasins
  A hell hound (Volcano)
  An ice beast (D:5)
  36 orc warriors
  2 sky beasts
  2 black bears
  13 wolves
  6 centaurs
  8 ogres
  3 kobold brigands
  3 bullfrogs
  A gnoll sergeant (D:9)
  3 scorpions
  A necrophage (D:7)
  5 wights (D:7)
  7 electric eels
  5 howler monkeys
  38 orc priests
  4 hounds
  6 jellies
  A gnoll bouda (D:7)
  4 iguanas
  Natasha (thrice) (D:2)
  10 orc wizards
  A statue (D:5)
  9 gnolls
  28 adders
  A white imp (D:6)
  2 ufetubi
  3 worms
  5 dart slugs
  87 orcs
  28 endoplasms
  6 giant cockroaches
  6 goblins
  6 hobgoblins
  4 jackals (D:4)
  4 quokkas
  8 ball pythons
  8 bats
  26 kobolds
  6 rats
738 creatures vanquished.

Vanquished Creatures (others)
  26 fungi
  21 plants
47 creatures vanquished.

Grand Total: 785 creatures vanquished

Notes
Turn   | Place    | Note
-------+----------+-------------------------------------------
     0 | D:1      | HoaS the Kobold Hunter began the quest for the Orb.
     0 | D:1      | Reached XP level 1. HP: 12/12 MP: 1/1
   208 | D:1      | Reached XP level 2. HP: 15/17 MP: 2/2
   292 | D:1      | Reached skill level 6 in Ranged Weapons
   548 | D:1      | Reached XP level 3. HP: 21/21 MP: 3/3
   553 | D:1      | Found Biarhax's Assorted Antiques.
  1504 | D:2      | Noticed Natasha
  1507 | D:2      | Killed Natasha
  1508 | D:2      | Reached skill level 7 in Ranged Weapons
  1508 | D:2      | Reached XP level 4. HP: 26/26 MP: 4/4
  1557 | D:2      | Noticed Natasha
  1570 | D:2      | Killed Natasha
  1590 | D:2      | Noticed Natasha
  1596 | D:2      | Killed Natasha
  1597 | D:2      | Reached skill level 8 in Ranged Weapons
  1597 | D:2      | Reached XP level 5. HP: 16/30 MP: 5/5
  2322 | D:3      | You fall into a shaft and drop 2 floors!
  2322 | D:5      | Entered Level 5 of the Dungeon
  2354 | D:5      | Noticed an ice beast
  2378 | D:5      | Killed an ice beast
  2379 | D:5      | Reached skill level 9 in Ranged Weapons
  2379 | D:5      | Reached XP level 6. HP: 20/35 MP: 4/6
  2671 | D:3      | Reached skill level 10 in Ranged Weapons
  2887 | D:3      | Found a broken altar of Ashenzari.
  2906 | D:3      | Reached XP level 7. HP: 40/40 MP: 7/7
  3131 | D:3      | Found a faded altar of an unknown god.
  3301 | D:4      | Found a sacrificial altar of Ru.
  3618 | D:4      | Found a shimmering blue altar of Sif Muna.
  4056 | D:5      | Reached skill level 11 in Ranged Weapons
  4311 | D:5      | Found Ulisov's General Store.
  4361 | D:5      | Found a radiant altar of Vehumet.
  4375 | D:5      | Reached XP level 8. HP: 36/44 MP: 6/8
  4469 | D:5      | Reached skill level 12 in Ranged Weapons
  4733 | D:6      | Noticed a fire elemental
  4733 | D:6      | Noticed an air elemental
  4994 | D:6      | Found a stormy altar of Qazlal.
  4997 | D:6      | Noticed a water elemental
  5111 | D:6      | Found a transporter.
  5112 | D:6      | Noticed gruber's ghost (novice DECj)
  5317 | D:6      | Reached skill level 13 in Ranged Weapons
  5377 | D:6      | Noticed a shadow
  5383 | D:6      | Killed a shadow
  5386 | D:6      | Found a staircase to the Ecumenical Temple.
  5392 | Temple   | Entered the Ecumenical Temple
  5653 | Temple   | Became a worshipper of Warmaster Okawaru
  5784 | D:6      | Found a transporter.
  6120 | D:7      | Reached skill level 1 in Invocations
  6195 | D:6      | Reached skill level 14 in Ranged Weapons
  6448 | D:7      | Reached XP level 9. HP: 17/48 MP: 4/10
  6606 | D:7      | Reached * piety under Okawaru
  6635 | D:7      | Reached skill level 15 in Ranged Weapons
  7555 | D:8      | Reached skill level 16 in Ranged Weapons
  7674 | D:8      | Noticed a two-headed ogre
  7682 | D:8      | Killed a two-headed ogre
  7682 | D:8      | Reached ** piety under Okawaru
  7683 | D:8      | Reached XP level 10. HP: 57/57 MP: 9/12
  7736 | D:8      | Reached *** piety under Okawaru
  7953 | D:8      | Reached skill level 5 in Dodging
  8043 | D:8      | Found an ornate altar of the Wu Jian Council.
  8049 | D:8      | Found a bloodstained altar of Trog.
  8141 | D:9      | Found a hide-covered altar of Uskayaw.
  8184 | D:9      | Reached skill level 5 in Fighting
  8480 | D:9      | Found a staircase to the Orcish Mines.
  8569 | D:9      | Identified the +3 chain mail "Wiqiucs" {Str+7}
  8575 | D:9      | Found a runed translucent door.
  8583 | D:9      | Found a white marble altar of Elyvilon.
  8589 | D:9      | Reached skill level 5 in Invocations
  8615 | D:9      | Reached **** piety under Okawaru
  8797 | D:9      | Found a staircase to the Lair.
  8978 | Orc:1    | Entered Level 1 of the Orcish Mines
  9036 | Orc:1    | Identified a scroll of acquirement
  9036 | Orc:1    | Acquired 516 gold pieces
  9334 | Orc:2    | Entered Level 2 of the Orcish Mines
  9495 | Orc:2    | Found a staircase to the Elven Halls.
  9563 | Orc:2    | Noticed a two-headed ogre
  9568 | Orc:2    | Killed a two-headed ogre
  9568 | Orc:2    | Reached ***** piety under Okawaru
  9569 | Orc:2    | Reached XP level 11. HP: 67/67 MP: 12/15
  9909 | Orc:2    | Noticed an orc high priest
  9927 | Orc:2    | Noticed an orc knight
  9940 | Orc:2    | Killed an orc knight
  9942 | Orc:2    | Killed an orc high priest
 10558 | Orc:2    | Noticed an orc knight
 10559 | Orc:2    | Noticed an orc knight
 10573 | Orc:2    | Killed an orc knight
 10574 | Orc:2    | Noticed an orc knight
 10576 | Orc:2    | Reached skill level 10 in Dodging
 10591 | Orc:2    | Killed an orc knight
 10622 | Orc:2    | Killed an orc knight
 10630 | Orc:2    | Noticed an orc high priest
 10635 | Orc:2    | Noticed a sixfirhy
 10637 | Orc:2    | Killed an orc high priest
 10638 | Orc:2    | Reached XP level 12. HP: 68/77 MP: 8/17
 10659 | Orc:2    | Noticed an orc high priest
 10673 | Orc:2    | Killed an orc high priest
 10673 | Orc:2    | Reached ****** piety under Okawaru
 10674 | Orc:2    | Reached skill level 10 in Fighting
 10675 | Orc:2    | Noticed an orc high priest
 10687 | Orc:2    | Killed an orc high priest
 10687 | Orc:2    | Received a gift from Okawaru
 10738 | Orc:2    | Noticed an orc high priest
 10746 | Orc:2    | Killed an orc high priest
 10895 | Orc:2    | Found Olesm's Book Shop.
 10896 | Orc:2    | Found Sodofull's Armour Boutique.
 10897 | Orc:2    | Found Fuij's Jewellery Shop.
 10897 | Orc:2    | Found Xarcheoh's Antique Weapon Shop.
 11481 | Orc:1    | Found Biuxteg's General Store.
 11486 | Orc:1    | Bought a scroll of identify for 26 gold pieces
 11486 | Orc:1    | Bought a potion of curing for 39 gold pieces
 11595 | Orc:1    | Found an iron altar of Okawaru.
 11794 | Lair:1   | Entered Level 1 of the Lair of Beasts
 11807 | Lair:1   | Received a gift from Okawaru
 11977 | Lair:1   | Noticed a catoblepas
 11997 | Lair:1   | Killed a catoblepas
 11998 | Lair:1   | Reached skill level 17 in Ranged Weapons
 12071 | Lair:1   | Reached XP level 13. HP: 84/84 MP: 16/19
 12306 | Lair:1   | Found a gate leading to a gauntlet.
 12450 | Lair:1   | Reached skill level 18 in Ranged Weapons
 12825 | Lair:2   | Received a gift from Okawaru
 12888 | Lair:2   | Found a dark tunnel.
 12896 | Volcano  | Entered a volcano
 13441 | Lair:2   | Identified the +7 whip of the Forest {freeze, rElec Will+
                  | Int+4}
 13751 | Lair:2   | Found a hole to the Spider Nest.
 14067 | D:6      | Killed gruber's ghost
 14341 | D:10     | Entered Level 10 of the Dungeon
 14444 | D:10     | Found the +7 captain's cutlass {speed, disarm}
 14541 | D:10     | Noticed Erica
 14555 | D:10     | Killed Erica
 14662 | D:10     | Found Sutising's Specific Store.
 14662 | D:10     | Found Muare's General Store.
 14671 | D:10     | Bought a scroll of teleportation for 45 gold pieces
 14739 | D:10     | Found a glowing golden altar of the Shining One.
 14789 | D:10     | Noticed Harold
 14804 | D:10     | Killed Harold
 14805 | D:10     | Reached XP level 14. HP: 61/94 MP: 10/21
 15204 | Lair:3   | Received a gift from Okawaru
 15767 | Lair:3   | Found a staircase to the Swamp.
 16087 | Lair:4   | Identified the +1 robe of Lightning Storm {Harm}
 16309 | Lair:4   | Reached skill level 15 in Dodging
 16927 | Lair:5   | Entered Level 5 of the Lair of Beasts
 17001 | Lair:5   | Received a gift from Okawaru
 17171 | Lair:5   | Reached skill level 15 in Fighting
 17224 | Lair:5   | Noticed a dire elephant
 17232 | Lair:5   | Killed a dire elephant
 17378 | Lair:5   | Reached XP level 15. HP: 103/103 MP: 22/22
 17850 | Lair:5   | Found a staircase to the Slime Pits.
 18005 | Lair:5   | Found a runed translucent door.
 18045 | Lair:5   | Identified the +8 flail "Pyetziut" {protect, rF- Str+2
                  | Dex+2} (Okawaru gifted it to you on level 5 of the Lair of
                  | Beasts)
 18045 | Lair:5   | Received a gift from Okawaru
 18214 | Lair:5   | Reached skill level 19 in Ranged Weapons
 18483 | D:11     | Found Immin's Weapon Boutique.
 18489 | D:11     | Noticed Snorg
 18494 | D:11     | Killed Snorg
 18514 | D:11     | Noticed Nergalle
 18517 | D:11     | Killed Nergalle
 18766 | D:11     | Received a gift from Okawaru
 18889 | D:11     | Noticed Fannar
 18895 | D:11     | Killed Fannar
 19310 | D:12     | Found a basalt altar of Yredelemnul.
 20257 | Spider:1 | Entered Level 1 of the Spider Nest
 20279 | Spider:1 | Reached skill level 20 in Ranged Weapons
 20287 | Spider:1 | Reached XP level 16. HP: 95/112 MP: 17/23
 20388 | Spider:1 | Noticed an emperor scorpion
 20391 | Spider:1 | Killed an emperor scorpion
 20863 | Spider:1 | Received a gift from Okawaru
 21331 | Spider:2 | Reached skill level 21 in Ranged Weapons
 21573 | Spider:2 | Noticed Nikola
 21585 | Spider:2 | Killed Nikola
 21601 | Spider:2 | Noticed Arachne
 21605 | Spider:2 | Slain by a ghost moth

Illustrated notes

Levels and vault maps discovered:
D:1:      wheals_arrival_linesprint, layout_basic, serial_rivers,
          chequers_serial_rivers_small_a, chequers_serial_rivers_room_a,
          chequers_serial_rivers_micro_a, chequers_serial_rivers_micro_e,
          chequers_serial_rivers_room_b, serial_shops, shop,
          minmay_misc_feat_diagonals, kennysheep_flooded_box
D:2:      layout_loops_ring, moated_statue, minmay_circle_x, uniq_natasha
D:3:      layout_rooms, ashenzari_altar_1, shapermc_ecumenical_altar_mp_vishouse
D:4:      layout_loops_ring, hangedman_ru_absence, mainiacjoe_overflow_chevrons,
          kennysheep_decorative_pillar, minivault_11
D:5:      layout_loops_cross, vehumet_statue, serial_shops, nicolae_shop_crystal
D:6:      layout_layer_cave, nicolae_qazlal_style_of_elements, temple_pool_b,
          gammafunk_ghost_smash
D:7:      layout_cave_pods
D:8:      layout_basic, amethyst_overflow_temple_binary, hex_large
D:9:      layout_layer_cave, old_standard_altar,
          nicolae_elyvilon_peaceful_grove, erik_lair_island, orc_0_dummy,
          lightli_church_of_beogh
D:10:     layout_rooms, marbit_many_paths, nicolae_specific_store, minivault_15,
          uniq_erica, uniq_harold
D:11:     layout_cave_pools, serial_shops, shop, serial_park_tiny_2,
          minmay_misc_feat_rows, uniq_fannar, uniq_nergalle, uniq_snorg
D:12:     layout_grid_maze, yredelemnul_altar_generic
Temple:   nicolae_temple_bog_church
Lair:1:   layout_regular_city, gauntlet_entry_generic, grunt_megastairs_4,
          serial_bayou_shore_a, lemuel_fruit_tree, infiniplex_staircase_pool
Lair:2:   layout_loops_ring, spider_nest_entry_a, enter_volcano_1,
          beast_lair_carwin_10
Lair:3:   lemuel_slime, layout_big_grid, minmay_swamp_entry_worms,
          grunt_megastairs_2
Lair:4:   lemuel_reptile_caves, layout_loops_ring
Lair:5:   hangedman_lair_in_review, layout_long_grid, wormcave,
          dpeg_slime_entry_enclosed
Spider:1: layout_spider_delve
Spider:2: cheibrodos_spider_silkery, uniq_nikola, uniq_arachne
Orc:1:    layout_caves, serial_shops, nicolae_shop_hallway_plus,
          david_defended_altar_orc
Orc:2:    st_orc_pillars, layout_caves, basic_altar, mines3_lemuel

Skill      XL: |  1  2  3  4  5  6  7  8  9 10 11 12 13 14 15 16 |
---------------+-------------------------------------------------+-----
Ranged Weapons | 6 7 8 9 10 11 14 16 17 18 20 21 | 21.4
Invocations    | 2 3 5 7 8 9 |  9.5
Fighting       | 4 7 9 11 13 15 16 17 | 17.4
Dodging        | 4 8 10 12 14 16 17 | 17.7
Stealth        | |  1.3

Action                   |  1- 3 |  4- 6 |  7- 9 | 10-12 | 13-15 | 16-18 || total
-------------------------+-------+-------+-------+-------+-------+-------++-------
 Fire: Shortbow          |    55 |   137 |   225 |   590 |       |       ||  1007
       Arbalest          |       |       |       |    31 |   724 |   191 ||   946
Throw: Throwing net      |       |       |     1 |       |       |       ||     1
Invok: Heroism           |       |       |     1 |     4 |     4 |     3 ||    12
       Finesse           |       |       |       |     2 |     3 |     2 ||     7
  Use: Scroll            |     2 |     4 |    14 |     9 |    10 |     5 ||    44
       Potion            |       |       |       |     6 |       |     5 ||    11
Armor: Leather armour    |     3 |    16 |     9 |     3 |       |       ||    31
       Troll leather arm |       |       |       |    27 |    39 |    23 ||    89
Dodge: Dodged            |    19 |    66 |    41 |   267 |   517 |   365 ||  1275

Table legend: (Time is in decaauts)
 A = Elapsed time spent in this place.
 B = Non-inter-level travel time spent in this place.
 C = Inter-level travel time spent in this place.
 D = Time resting spent in this place.
 E = Time spent auto-exploring this place.
 F = Levels seen in this place.
 G = Mean time per level.
                   A        B        C        D        E       F      G
               +--------+--------+--------+--------+--------+-----+--------+
         Total |  21553 |  20321 |   1232 |   2114 |  15010 |  23 |  937.1 |
       Dungeon |  11752 |  11023 |    729 |    790 |   8892 |  12 |  979.3 |
        Temple |    292 |    284 |      8 |      0 |    266 |   1 |  292.0 |
          Lair |   5331 |   4999 |    332 |    169 |   3927 |   5 | 1066.2 |
   Spider Nest |   1341 |   1324 |     17 |    293 |    727 |   2 |  670.5 |
  Orcish Mines |   2512 |   2368 |    144 |    829 |    993 |   2 | 1256.0 |
       Volcano |    322 |    322 |      0 |     33 |    203 |   1 |  322.0 |
               +--------+--------+--------+--------+--------+-----+--------+

Top non-repeatable levels by time:
   Orc:2: 1820 daAuts
  Lair:5: 1361 daAuts
     D:6: 1357 daAuts
     D:1: 1296 daAuts
     D:9: 1269 daAuts
     D:7: 1179 daAuts
    D:12: 1105 daAuts
  Lair:1: 1103 daAuts
     D:2: 1054 daAuts
Spider:1: 1009 daAuts
  Lair:3: 974 daAuts
     D:4: 959 daAuts
  Lair:2: 950 daAuts
  Lair:4: 942 daAuts
     D:5: 856 daAuts
